 Adventure DCSS version bcrawl-1.27.3 (webtiles) character file.

Game seed: 2317351689446073073

158406 galech the Shield-Bearer (level 5, 41/41 HPs)
             Began as a Demonspawn Fighter on Sept 21, 2020.
             Quit the game on level 3 of the Dungeon.
             The game lasted 00:02:40 (2302 turns).

galech the Shield-Bearer (Demonspawn Fighter)       Turns: 2302, Time: 00:02:40

Health: 41/41      AC:  8    Str: 22    XL:     5   Next: 25%
Magic:  5/5        EV:  5    Int: 10    God:
Gold:   164        SH:  9    Dex: 12    Spells: 4/4 levels left
                                        Lives:  2   Deaths: 0

rFire    . . .     SeeInvis .   a - +1 war axe
rCold    . . .     Gourm    .   c - +0 medium shield
rNeg     . . .     Faith    .   o - +0 chain mail
rPois    .         Spirit   .   (no helmet)
rElec    .         Reflect  .   (no cloak)
rCorr    .         Harm     .   (no gloves)
MR       +....                  i - -2 pair of boots
Stlth    ..........             (no amulet)
HPRegen  0.13/turn              l - ring of protection from magic
MPRegen  0.09/turn              (no ring)

@: mighty
A: talons 1, nightstalker 1, sturdy frame 1
a: no special abilities


You were on level 3 of the Dungeon.
You were hungry.

You visited 1 branch of the dungeon, and saw 3 of its levels.

You collected 164 gold pieces.

Inventory:

Hand Weapons
 a - a +1 war axe (weapon)
Armour
 b - a +0 scale mail
 c - a +0 medium shield (worn)
 i - a -2 pair of boots (worn)
 o - a +0 chain mail (worn)
Jewellery
 l - a ring of protection from magic (left hand)
 t - a cursed ring of stealth
Scrolls
 g - 2 scrolls of enchant armour
 h - 2 scrolls of immolation
 k - a scroll of fog {unknown}
 p - a scroll of blinking
 q - a scroll of remove curse
Potions
 f - a potion of ambrosia {unknown}
 j - a potion of magic {unknown}
 m - 3 potions of curing {unknown}
 n - a potion of flight {unknown}
 r - 3 potions of cancellation {unknown}
Comestibles
 e - 7 rations {!d}
 s - 4 chunks of flesh


   Skills:
 + Level 3.4 Fighting
 + Level 3.1 Axes
 + Level 3.2 Armour
 + Level 1.0 Dodging
 + Level 0.1 Stealth
 + Level 3.7 Shields


You had 4 spell levels left.
You didn't know any spells.
Your spell library was empty.

Dungeon Overview and Level Annotations

Branches:
Dungeon (3/12)

Altars:
Wu Jian


Innate Abilities, Weirdness & Mutations

You have sharp toenails.
You are slightly more attuned to the shadows.
Your movements are slightly less encumbered by armour. (ER -2)


Message History

No target in view!
No target in view!
No target in view!
No target in view!
No target in view!
No target in view!
No target in view!
No target in view!
No target in view!
No target in view!
No target in view!
You hit something.
Reactivating autopickup.
Your Axes skill increases to level 3!
Your Dodging skill increases to level 1!
You have reached level 5!
Your demonic ancestry asserts itself...
You slip into the darkness of the dungeon.
You feel a bit more experienced.
Are you sure you want to abandon this character and quit the game? (Confirm with "yes".)

*,,,,,,***,****,,,***,* *,*
,,****,**,,* *..#* *,* *,* ,**
*,*,,,****..#***,* *,* ,*
*,#...,,,,...,,,,* *,* ,*
*,#..#****#.#***** *,* ,*
*,*..##**##.##** *,**
.**###,*...,,,,...,,* *,,*
.#*,...*#.#****#.#*,* **,*
..,,,#.##.# #@#*,* *,*
...,,#....######.#*,* *,*
...#####.<.......#*,* *,*
.....#....########*,*** *,*
#.##.#)##......,,,,,,,******,*
#......######.#*****,*,,,,,,,*
###.#.## *,* **,********
......# *,* *** ###.###
*,*****


There were no monsters in sight!

Vanquished Creatures
  A sky beast (D:3)
  An adder (D:3)
  3 worms
  A dart slug (D:2)
  3 leopard geckos (D:2)
  2 orcs (D:2)
  A giant cockroach (D:1)
  7 goblins
  11 hobgoblins
  A jackal (D:1)
  11 kobolds
  A ball python (D:1)
  5 bats
  A frilled lizard (D:3)
  4 rats
53 creatures vanquished.

Notes
Turn   | Place    | Note
-------+----------+-------------------------------------------
     0 | D:1      | galech the Demonspawn Fighter began the quest for the Orb.
     0 | D:1      | Reached XP level 1. HP: 18/18 MP: 1/1
   258 | D:1      | Gained mutation: You have sharp toenails. [demonic
                  | ancestry]
   258 | D:1      | Reached XP level 2. HP: 19/24 MP: 2/2
   868 | D:2      | Gained mutation: Your movements are slightly less
                  | encumbered by armour. (ER -2) [demonic ancestry]
   868 | D:2      | Reached XP level 3. HP: 29/29 MP: 3/3
   960 | D:2      | Found an ornate altar of the Wu Jian Council.
  2081 | D:3      | Reached XP level 4. HP: 32/35 MP: 4/4
  2292 | D:3      | Noticed a sky beast
  2301 | D:3      | Killed a sky beast
  2301 | D:3      | Reached skill level 1 in Dodging
  2301 | D:3      | Gained mutation: You are slightly more attuned to the
                  | shadows. [demonic ancestry]
  2301 | D:3      | Reached XP level 5. HP: 41/41 MP: 5/5
  2302 | D:3      | Quit the game

Skill      XL: |  1  2  3  4 |
---------------+-------------+-----
Shields        | 3 |  3.7
Axes           | 2 3 |  3.1
Armour         | 3 |  3.2
Dodging        | 1 |  1.0
Fighting       | |  3.4
Stealth        | |  0.1

Action                   |  1- 3 |  4- 6 || total
-------------------------+-------+-------++-------
Melee: War axe           |   151 |    27 ||   178
       Kick              |    28 |       ||    28
  Use: Scroll            |     2 |     6 ||     8
       Potion            |       |     1 ||     1
  Eat: Chunk             |    10 |     1 ||    11
Armor: Scale mail        |    35 |       ||    35
       Chain mail        |    74 |    13 ||    87
Dodge: Dodged            |    29 |     6 ||    35
Block: Medium shield     |    73 |    12 ||    85
